 Dungeon Crawl Stone Soup version 0.18.1-47-g9310371 (webtiles) character file.

7436 AvylaarBelgium the Thaumaturge (level 10, -6/51 HPs)
             Began as a Deep Elf Fire Elementalist on June 23, 2016.
             Was a Believer of Vehumet.
             Mangled by an ettin
             ... wielding a +0 dire flail
              (31 damage)
             ... on level 10 of the Dungeon.
             The game lasted 00:42:49 (9326 turns).

AvylaarBelgium the Thaumaturge (DEFE)               Turns: 9326, Time: 00:42:49

Health: -6/51      AC:  5    Str:  7    XL:     10   Next: 93%
Magic:  1/28       EV: 13    Int: 24    God:    Vehumet [**....]
Gold:   586        SH:  0    Dex: 15    Spells: 4 memorised, 21 levels left

rFire  + . .     SeeInvis .     O - +2 flail (venom)
rCold  x . .     Gourm    .     a - +0 robe
rNeg   . . .     Faith    .     (no shield)
rPois  +         Spirit   .     V - +0 hat
rElec  +         Dismiss  .     B - +0 cloak
rCorr  .         Reflect  .     P - +0 pair of gloves
SustAt .         Harm     .     g - +0 pair of boots
MR     +....                    A - amulet of magic regeneration
Stlth  ++........               n - ring of poison resistance
                                X - ring of fire

@: somewhat resistant to hostile enchantments, unstealthy
A: rugged brown scales 1, deformed body, deterioration 1, electricity
resistance, strong 1, wild magic 2
a: Renounce Religion


You were on level 10 of the Dungeon.
You worshipped Vehumet.
Vehumet was pleased with you.
You were hungry.

You visited 4 branches of the dungeon, and saw 13 of its levels.
You also visited: Ossuary.

You collected 586 gold pieces.

Inventory:

Hand Weapons
 M - a +0 blowgun
 O - a +2 flail of venom (weapon)
Missiles
 u - 2 tomahawks (quivered)
 N - 3 poisoned needles
 T - a throwing net
Armour
 a - a +0 robe (worn)
 g - a +0 pair of boots (worn)
 B - a +0 cloak (worn)
 P - a +0 pair of gloves (worn)
 R - the +0 ring mail of Fashionability {rElec}
   (You found it on level 7 of the Dungeon)

   It insulates you from electricity.
 V - a +0 hat (worn)
 Y - a troll hide
Jewellery
 h - an uncursed ring of see invisible
 n - a ring of poison resistance (right hand)
 v - an uncursed ring of magical power
 y - an uncursed ring of stealth
 A - an amulet of magic regeneration (around neck)
 H - a +4 ring of dexterity
 K - a +4 ring of strength
 L - a +5 amulet of reflection
 X - a ring of fire (left hand)
Wands
 d - a wand of confusion (31/48)
 k - a wand of acid (5/15)
 l - a wand of flame (13/48)
 o - a wand of lightning (6/15)
 t - a wand of iceblast (8/15)
 D - a wand of flame (22/48)
 Q - a wand of confusion (20/48)
 W - a wand of lightning (8/15)
Scrolls
 e - a scroll of immolation
 f - 4 scrolls of enchant weapon {unknown}
 m - 6 scrolls of teleportation
 s - 11 scrolls of remove curse
 w - 2 scrolls of recharging
 C - a scroll of torment {unknown}
 E - a scroll of noise {unknown}
 J - 3 scrolls of silence {unknown}
 U - 2 scrolls of blinking
Potions
 i - 7 potions of curing
 j - 2 potions of heal wounds {unknown}
 p - 3 potions of might {unknown}
 r - 2 potions of degeneration {unknown}
 x - 2 potions of cancellation {unknown}
 z - a potion of resistance
 F - 2 potions of flight
 G - a potion of cure mutation
 I - 2 potions of haste
Books
 b - a book of Flames

   Spells                             Type                      Level
   a - Flame Tongue                   Conjuration/Fire             1
   b - Throw Flame                    Conjuration/Fire             2
   c - Conjure Flame                  Conjuration/Fire             3
   d - Inner Flame                    Hexes/Fire                   3
   e - Sticky Flame                   Conjuration/Fire             4
   f - Fireball                       Conjuration/Fire             5
Comestibles
 c - 5 bread rations
 q - 4 meat rations
 S - 4 fruits


   Skills:
 - Level 2.4 Dodging
 - Level 2.4 Stealth
 + Level 12.7 Spellcasting
 + Level 10.7 Conjurations
 + Level 10.9 Fire Magic


You had 21 spell levels left.
You knew the following spells:

 Your Spells              Type           Power        Failure   Level  Hunger
a - Flame Tongue          Conj/Fire      #####        1%          1    None
b - Conjure Flame         Conj/Fire      ########     1%          3    None
c - Sticky Flame          Conj/Fire      ########     2%          4    None
d - Fireball              Conj/Fire      ########..   4%          5    ###....


Dungeon Overview and Level Annotations

Branches:
Dungeon (10/15)            Temple (1/1) D:7            Lair (1/8) D:9
    Orc (1/2) D:10

Altars:
Ashenzari
Cheibriados
Dithmenos
Elyvilon
Fedhas
Gozag
Kikubaaqudgha
Makhleb
Nemelex Xobeh
Okawaru
Pakellas
Qazlal
Ru
Sif Muna
Trog
Vehumet
Xom
Yredelemnul
Zin
The Shining One

Annotations:
D:4 Natasha; loom's ghost, amateur MiFi


Innate Abilities, Weirdness & Mutations

You are partially covered in rugged brown scales (AC +1, +3% HP).
Armour fits poorly on your strangely shaped body.
Your body sometimes deteriorates upon taking damage.
You are resistant to electric shocks.
Your muscles are strong. (Str +2)
Your spells are harder to cast, but more powerful.


Message History

Casting: Fireball
Confirm with . or Enter, or press ? or * to list all spells.
You can't see any susceptible monsters within range! (Use Z to cast anyway.)
Casting: Fireball
Confirm with . or Enter, or press ? or * to list all spells.
Aiming: Fireball
Press: ? - help, Shift-Dir - straight line You feel a surge of power!
The fireball explodes!
Casting: Fireball
Confirm with . or Enter, or press ? or * to list all spells.
Aiming: Fireball
Press: ? - help, Shift-Dir - straight line, f - ettin
Aim: an ettin, wielding two dire flails (moderately wounded)
You feel a surge of power!
The fireball explodes!
The fireball engulfs the ettin.
The ettin is severely wounded.
You are feeling hungry.
The ettin hits you with a dire flail!!
Ouch! That really hurt!
You die...

...## .## #.##.[#Z.#...Z..#
#..####.# #.#.##..##..#.#..)
......... #...#..#....# .###
#..####.# ##..#..#.#.#.. #
#..####.# ##.##...#..## ........#
###...#.##.# #########
#...#..#.... ##### ##...#####..
...^# ##..#@.# #.. ###.#
######..#C### #
....###...##.####################
#.....#......##...##.............
#.....#..........................
......#.....####).##.......).#...
#.....#...........##.######(###.#
#.....##########.....# ##.## ##.
...###### #.##### #.#######


You could see an ettin.

Vanquished Creatures
  A hydra (D:9)
  A black mamba (Lair:1)
  A komodo dragon (D:9)
  A troll (D:9)
  A two-headed ogre (D:10)
  2 yaks (D:4)
  A fire bat (D:9)
  2 hippogriffs (D:7)
  2 hungry ghosts
  A soldier ant (D:8)
  3 sky beasts
  Duvessa (D:4)
  A black bear (D:9)
  4 orc warriors
  2 necrophages (D:9)
  3 phantoms
  2 ogres
  5 centaurs
  3 giant frogs
  A big kobold (D:6)
  A gnoll sergeant (D:9)
  Dowan (D:4)
  A wyvern skeleton (D:8)
  A water moccasin skeleton (D:7)
  14 scorpions
  2 troll zombies (D:10)
  A howler monkey (D:5)
  A crimson imp (D:10)
  A quasit (D:10)
  2 centaur skeletons
  A centaur zombie (Ossuary)
  A hound (D:7)
  A human zombie (Ossuary)
  A giant frog zombie (D:5)
  2 jellies
  5 orc priests
  7 orc wizards
  5 iguanas
  6 worker ants
  2 big kobold zombies (Ossuary)
  3 ogre zombies (D:10)
  3 hound skeletons
  3 mummies
  A worker ant zombie (D:6)
  12 adders
  17 gnolls
  2 scorpion zombies (Ossuary)
  A shadow imp (D:10)
  3 adder skeletons
  An adder zombie (D:8)
  7 worms
  A dart slug (D:1)
  6 giant geckos
  29 orcs
  10 giant cockroaches
  8 goblins
  3 hobgoblins (D:3)
  5 jackals
  11 kobolds
  7 quokkas
  A ball python (D:4)
  A bat (D:1)
  6 giant newts
  3 gnoll zombies (Ossuary)
  5 goblin zombies
  A hobgoblin skeleton (D:10)
  6 hobgoblin zombies
  A kobold zombie (Ossuary)
  An orc skeleton (D:10)
  12 orc zombies
  A quokka skeleton (D:5)
  11 rats
  5 plants (D:9)
281 creatures vanquished.

Vanquished Creatures (others)
  5 sheep (D:3)
  A mummy (Ossuary)
6 creatures vanquished.

Grand Total: 287 creatures vanquished

Notes
Turn   | Place    | Note
--------------------------------------------------------------
     0 | D:1      | AvylaarBelgium the Deep Elf Fire Elementalist began the quest for the Orb.
     0 | D:1      | Reached XP level 1. HP: 10/10 MP: 6/6
   133 | D:1      | Reached XP level 2. HP: 15/15 MP: 0/8
   512 | D:2      | Reached XP level 3. HP: 16/19 MP: 1/10
   793 | D:2      | Found a stormy altar of Qazlal.
   985 | D:2      | Reached skill level 4 in Spellcasting
   998 | D:2      | Reached XP level 4. HP: 24/24 MP: 8/12
  1272 | D:3      | Learned a level 4 spell: Sticky Flame
  1421 | D:3      | Found a white marble altar of Elyvilon.
  1816 | D:3      | Found a shimmering altar of Xom.
  1865 | D:3      | Reached XP level 5. HP: 28/28 MP: 8/13
  2140 | D:3      | Found a basalt altar of Yredelemnul.
  2197 | D:4      | Noticed loom's ghost (amateur MiFi)
  2318 | D:4      | Noticed a sky beast
  2332 | D:4      | Killed a sky beast
  2332 | D:4      | Reached skill level 5 in Spellcasting
  2332 | D:4      | Reached skill level 5 in Fire Magic
  2332 | D:4      | Reached XP level 6. HP: 31/32 MP: 2/16
  2451 | D:4      | Noticed Duvessa
  2451 | D:4      | Noticed Dowan
  2500 | D:4      | Noticed a yak
  2501 | D:4      | Noticed a yak
  2502 | D:4      | Noticed a yak
  2502 | D:4      | Noticed a yak
  2518 | D:4      | Killed a yak
  2518 | D:4      | Reached skill level 6 in Spellcasting
  2625 | D:4      | Reached XP level 7. HP: 33/36 MP: 12/18
  2972 | D:4      | Noticed Natasha
  2993 | D:4      | Learned a level 5 spell: Fireball
  2997 | D:4      | Learned a level 3 spell: Conjure Flame
  3018 | D:4      | Killed a yak
  3018 | D:4      | Reached skill level 5 in Conjurations
  3372 | D:4      | Killed Duvessa
  3380 | D:4      | Killed Dowan
  3380 | D:4      | Reached skill level 7 in Spellcasting
  3471 | D:5      | Entered Level 5 of the Dungeon
  3642 | D:5      | Reached XP level 8. HP: 41/41 MP: 10/21
  3671 | D:5      | Gained mutation: Your body sometimes deteriorates upon taking damage. [mutagenic meat]
  3672 | D:5      | Gained mutation: Your spells are a little harder to cast, but a little more powerful. [mutagenic meat]
  3673 | D:5      | Gained mutation: You are partially covered in rugged brown scales (AC +1, +3% HP). [mutagenic meat]
  3674 | D:5      | Gained mutation: Armour fits poorly on your strangely shaped body. [mutagenic meat]
  3675 | D:5      | Gained mutation: Your spells are harder to cast, but more powerful. [mutagenic meat]
  3756 | D:5      | Found an opulent altar of Gozag.
  3830 | D:5      | Found a sand-covered staircase.
  3840 | Ossuary  | Entered an ossuary
  3894 | Ossuary  | Reached skill level 8 in Spellcasting
  4420 | Ossuary  | Reached skill level 9 in Spellcasting
  4554 | D:5      | Gained mutation: Your muscles are strong. (Str +2) [potion of mutation]
  4554 | D:5      | Gained mutation: You are resistant to electric shocks. [potion of mutation]
  5479 | D:6      | Reached XP level 9. HP: 22/46 MP: 21/24
  5613 | D:6      | Found a sparkling altar of Nemelex Xobeh.
  5613 | D:6      | Found a sacrificial altar of Ru.
  5977 | D:7      | Found a burning altar of Makhleb.
  6062 | D:7      | Reached skill level 10 in Spellcasting
  6090 | D:7      | Got a crude ring mail
  6101 | D:7      | Identified the cursed +0 ring mail of Fashionability {rElec} (You found it on level 7 of the Dungeon)
  6576 | D:7      | Found a staircase to the Ecumenical Temple.
  6615 | Temple   | Entered the Ecumenical Temple
  6699 | Temple   | Became a worshipper of Vehumet
  7189 | D:8      | Reached skill level 11 in Spellcasting
  7665 | D:9      | Reached XP level 10. HP: 45/51 MP: 25/27
  7872 | D:9      | Reached * piety under Vehumet
  7872 | D:9      | Offered knowledge of Shock by Vehumet.
  8051 | D:9      | Found a staircase to the Lair.
  8131 | D:9      | Noticed an eight-headed hydra
  8152 | D:9      | Killed an eight-headed hydra
  8152 | D:9      | Reached skill level 10 in Fire Magic
  8202 | D:9      | Reached skill level 10 in Conjurations
  8218 | D:9      | Found an oddly glowing altar of Pakellas.
  8273 | Lair:1   | Entered Level 1 of the Lair of Beasts
  8273 | Lair:1   | Noticed a black mamba
  8273 | Lair:1   | Noticed an eight-headed hydra
  8275 | Lair:1   | Killed a black mamba
  8275 | Lair:1   | Reached skill level 12 in Spellcasting
  8530 | D:10     | Entered Level 10 of the Dungeon
  9148 | D:10     | Reached ** piety under Vehumet
  9162 | D:10     | Offered knowledge of Sting by Vehumet.
  9267 | D:10     | Found a staircase to the Orcish Mines.
  9298 | Orc:1    | Entered Level 1 of the Orcish Mines
  9307 | Orc:1    | Noticed an ettin
  9326 | D:10     | Mangled by an ettin

Skill      XL: |  1  2  3  4  5  6  7  8  9 10 |
---------------+-------------------------------+-----
Conjurations   | 2 3 4 6 7 9 10 | 10.7
Fire Magic     | 4 5 6 8 9 10 | 10.9
Spellcasting   | 4 5 6 7 9 11 12 | 12.7
Dodging        | |  2.4
Stealth        | |  2.4

Action                   |  1- 3 |  4- 6 |  7- 9 | 10-12 || total
-------------------------+-------+-------+-------+-------++-------
Melee: Short sword       |       |     7 |    44 |    70 ||   121
       Flail             |       |       |       |    33 ||    33
 Fire: Blowgun           |       |       |    32 |     9 ||    41
Throw: Tomahawk          |       |       |       |     6 ||     6
       Throwing net      |       |       |       |     1 ||     1
 Cast: Flame Tongue      |    59 |    89 |   245 |    66 ||   459
       Sticky Flame      |       |     5 |    36 |    14 ||    55
       Fireball          |       |       |    26 |    30 ||    56
  Use: Scroll            |       |     4 |     9 |     2 ||    15
       Potion            |       |       |     3 |       ||     3
 Stab: Distracted        |       |     1 |       |       ||     1
       Sleeping          |       |       |       |     1 ||     1
  Eat: Chunk             |       |     5 |    19 |     1 ||    25
       Beef jerky        |       |       |     4 |     1 ||     5
       Pizza             |       |       |     3 |       ||     3
       Bread ration      |       |       |     1 |       ||     1
       Fruit             |       |       |       |     1 ||     1
Armor: Robe              |     2 |     6 |    39 |    37 ||    84
Dodge: Dodged            |    18 |    19 |   114 |    86 ||   237
